 Dungeon Crawl Stone Soup version 0.21.1-1-g345015f (webtiles) character file.

133 Fortress the Grave Robber (level 4, 0/30 HPs)
             Began as a Vampire Necromancer on June 12, 2018.
             Succumbed to a scorpion's poison
             ... on level 2 of the Dungeon.
             The game lasted 00:26:18 (3516 turns).

Fortress the Grave Robber (Vampire Necromancer)     Turns: 3516, Time: 00:26:19

Health: 0/30       AC:  3    Str: 14 (15) XL:     4   Next: 94%
Magic:  7/10       EV: 18    Int: 16 (17) God:
Gold:   109        SH:  0    Dex: 22 (24) Spells: 7/9 levels left

rFire    . . .     SeeInvis +   r - +0 dagger
rCold    . . .     Gourm    .   (no shield)
rNeg     + . .     Faith    .   n - +0 leather armour
rPois    .         Spirit   .   (no helmet)
rElec    .         Reflect  .   (no cloak)
rCorr    .         Harm     .   (no gloves)
MR       .....                  (no boots)
Stlth    ++++......             (no amulet)
HPRegen  0.10/turn              h - +5 ring of dexterity
MPRegen  0.12/turn              (no ring)

@: mighty, agile, lethally poisoned (0 -> -8)
A: fangs 3, see invisible, high mp 2, strong 1, unbreathing
a: Bat Form


You were on level 2 of the Dungeon.
You were not thirsty.

You visited 1 branch of the dungeon, and saw 3 of its levels.

You collected 109 gold pieces.

Inventory:

Hand Weapons
 p - a +0 hunting sling
 r - a +0 dagger (weapon)
Missiles
 e - 68 arrows
 g - 3 needles of sleeping
 i - 80 stones (quivered)
 m - 45 sling bullets
Armour
 a - a +0 robe
 n - a +0 leather armour (worn)
 v - a +2 robe of the Archmagi
Jewellery
 h - a +5 ring of dexterity (left hand)
Scrolls
 d - 2 scrolls of remove curse
 j - a scroll of blinking
 o - a scroll of magic mapping
Potions
 c - 4 potions of blood
 k - 2 potions of haste
Books
 b - a book of Necromancy

   Spells                             Type                      Level
   a - Pain                           Necromancy                   1
   b - Animate Skeleton               Necromancy                   1
   c - Vampiric Draining              Necromancy                   3
   d - Regeneration                   Charms/Necromancy            3
   e - Animate Dead                   Necromancy                   4
   f - Borgnjor's Vile Clutch         Necromancy/Earth             5


   Skills:
 + Level 0.2 Short Blades
 + Level 2.9 Dodging
 + Level 3.7 Stealth
 + Level 3.0 Spellcasting
 + Level 5.7 Necromancy


You had 7 spell levels left.
You knew the following spells:

 Your Spells              Type           Power        Failure   Level  Hunger
a - Pain                  Necr           ###.         2%          1    #......
b - Animate Skeleton      Necr           N/A          2%          1    #......


Dungeon Overview and Level Annotations

Branches:
Dungeon (3/15)

Altars:


Innate Abilities, Weirdness & Mutations

You have razor-sharp teeth.
You have supernaturally acute eyesight. (SInv)
You can survive without breathing.
You have a considerably increased reservoir of magic. (+20% MP)
Your muscles are strong. (Str +2)


Message History

As you read the scroll labeled CYLECE VUTIYZO AZE, it crumbles to dust.
Your ears itch!
It was a scroll of random uselessness.
* * * LOW HITPOINT WARNING * * *
You feel sick.
Keep disrobing?
Uppercase [Y]es or [N]o only, please.
Keep disrobing?
Uppercase [Y]es or [N]o only, please.
Keep disrobing?
Uppercase [Y]es or [N]o only, please.
Keep disrobing?
Uppercase [Y]es or [N]o only, please.
Keep disrobing?
Uppercase [Y]es or [N]o only, please.
Keep disrobing?
* * * LOW HITPOINT WARNING * * *
You feel sick.
You start removing your armour.
You continue taking off your +0 leather armour. x2
You die...

*,*.........#######
#.#.##.####.#
#.#.#*,* ##'##
#.#.##,*##...##
#....,,##.....##
##.#.#*##.......##
##....###.........###
#.......'.........'..
*#..@.###.........###
##.#.# ##<......##
###.# ##.....##
######.# ##...## #
#......# ##'## ##
#.############.# #≈
#.# #......# #≈ #.#
#.###..## ###≈ #.#
#.###...###.'.


There were no monsters in sight!

Vanquished Creatures
  A scorpion (D:2)
  Jessica (D:2)
  An adder (D:2)
  2 worms (D:2)
  2 leopard geckos (D:2)
  7 bats
  6 giant cockroaches
  2 hobgoblins
  4 jackals (D:1)
  A quokka (D:2)
  A frilled lizard (D:1)
  5 goblins
  A jackal skeleton (D:2)
  3 kobolds
  5 rats
42 creatures vanquished.

Vanquished Creatures (collateral kills)
  A goblin (D:1)
1 creature vanquished.

Grand Total: 43 creatures vanquished

Notes
Turn   | Place    | Note
-------+----------+-------------------------------------------
     0 | D:1      | Fortress the Vampire Necromancer began the quest for the Orb.
     0 | D:1      | Reached XP level 1. HP: 13/13 MP: 3/3
     2 | D:1      | Learned a level 1 spell: Animate Skeleton
   252 | D:1      | Reached XP level 2. HP: 5/19 MP: 0/5
  1046 | D:1      | Reached skill level 5 in Necromancy
  2123 | D:2      | Reached XP level 3. HP: 23/24 MP: 6/6
  2158 | D:2      | Noticed Jessica
  2241 | D:2      | Killed Jessica
  2386 | D:2      | Reached XP level 4. HP: 14/30 MP: 0/7
  3510 | D:2      | Gained mutation: You have an increased reservoir of magic. (+10% MP) [potion of mutation]
  3510 | D:2      | Gained mutation: Your muscles are strong. (Str +2) [potion of mutation]
  3510 | D:2      | Gained mutation: You have a considerably increased reservoir of magic. (+20% MP) [potion of mutation]
  3514 | D:2      | HP: 1/30 [poisoned by a scorpion]
  3516 | D:2      | Succumbed to a scorpion's poison

Skill      XL: |  1  2  3  4 |
---------------+-------------+-----
Necromancy     | 5 |  5.7
Spellcasting   | 3 |  3.0
Short Blades   | |  0.2
Dodging        | |  2.9
Stealth        | |  3.7

Action                   |  1- 3 |  4- 6 || total
-------------------------+-------+-------++-------
Melee: Unarmed           |    56 |       ||    56
       Bite              |     7 |     1 ||     8
       Dagger            |    16 |    27 ||    43
 Cast: Pain              |    42 |    21 ||    63
       Animate Skeleton  |    10 |     3 ||    13
  Use: Potion            |     3 |     8 ||    11
       Scroll            |       |     6 ||     6
 Stab: Sleeping          |     8 |     2 ||    10
  Eat: Corpse            |     2 |     1 ||     3
Armor: Robe              |    16 |       ||    16
       Leather armour    |     2 |    16 ||    18
Dodge: Dodged            |    78 |    48 ||   126
